 Dungeon Crawl Stone Soup version 0.32-a0-519-g08f29ac1c3 (webtiles) character file.

Game seed: 16770198231277852488

2422 shadizar the Magician (level 9, 0/65 HPs)
             Began as a Djinni Hedge Wizard on Feb 27, 2024.
             Was a Believer of Makhleb.
             Slain by a shadow (31 damage)
             ... on level 7 of the Dungeon.
             The game lasted 00:14:11 (6427 turns).

shadizar the Magician (Djinni Hedge Wizard)         Turns: 6427, Time: 00:14:11

Health: 0/65       AC: 13    Str:  9    XL:     9   Next: 76%
Gold:   425        EV: 13    Int: 20    God:    Makhleb [**....] SH:  0 Dex: 13

rFire   + + +        n - staff of fire
rCold   x . .        (no shield)
rNeg    . . .        u - +2 leather armour {Will+}
rPois   ∞            i - +1 helmet
rElec   .            x - +2 cloak
rCorr   +            p - +1 pair of gloves
SInv    .            (boots unavailable)
Will    +....        (no amulet)
Stlth   ++           z - ring of resist corrosion
HPRegen 0.30/turn    (no ring)
MPRegen 0.00/turn

%: infuse magic (-1 HP)
@: flying
A: sickness immunity, fire resistance 2, cold vulnerability 1, float, innate
caster, HP casting, extra vitality 1
a: Renounce Religion, Minor Destruction


You were on level 7 of the Dungeon.
You worshipped Makhleb.
Makhleb was pleased with you.
You visited 2 branches of the dungeon, and saw 8 of its levels.

You collected 425 gold pieces.

Inventory:

Hand Weapons
 c - the +6 shillelagh "Devastator" {shatter}
   (You found it on level 7 of the Dungeon)
 A - the +7 staff of the Meek {protect, meekguard}
   (You found it on level 6 of the Dungeon)
Armour
 i - a +1 helmet (worn)
 p - a +1 pair of gloves (worn)
 u - a +2 leather armour of willpower (worn)
 x - a +2 cloak (worn)
Magical Staves
 n - a staff of fire (weapon)
Jewellery
 z - a ring of resist corrosion (left hand)
Wands
 a - a wand of flame (21)
 k - a wand of iceblast (8)
 y - a wand of acid (8)
Scrolls
 d - 2 scrolls of enchant armour
 h - 2 scrolls of teleportation
 l - a scroll of revelation
Potions
 b - a potion of resistance
 e - a potion of enlightenment {unknown}
 f - a potion of haste
 m - a potion of invisibility
 s - a potion of cancellation {unknown}
 v - a potion of brilliance
 w - a potion of ambrosia


   Skills:
 + Level 5.1 Fighting
 - Level 5.0 Armour
 - Level 6.0 Dodging
 - Level 1.5 Stealth
 + Level 7.3 Spellcasting
 + Level 7.3 Conjurations
 + Level 7.3 Hexes
 + Level 7.3 Summonings
 + Level 7.3 Necromancy
 + Level 7.3 Translocations
 + Level 7.3 Fire Magic
 + Level 7.3 Ice Magic
 + Level 7.3 Air Magic
 + Level 7.3 Earth Magic
 + Level 7.3 Alchemy


You knew the following spells:

 Your Spells              Type           Power      Damage    Failure   Level
a - Magic Dart            Conj           100%       1d8       1%          1
b - Slow                  Hex            100%       N/A       1%          1
c - Blink                 Tloc           72%        N/A       1%          2
d - Call Imp              Summ           72%        N/A       1%          2
e - Mephitic Cloud        Conj/Alch/Air  36%        N/A       1%          3
f - Foxfire               Conj/Fire      100%       2x1d9     1%          1
g - Searing Ray           Conj           72%        2d7       1%          2
h - Sigil of Binding      Hex            36%        N/A       1%          3
i - Animate Dead          Necr           36%        N/A       6%          4
Your spell library was empty.

Dungeon Overview and Level Annotations

Branches:
Dungeon (7/15)             Temple (1/1) D:4

Altars:
Ashenzari
Cheibriados
Elyvilon
Fedhas
Hepliaklqana
Makhleb
Nemelex Xobeh
Okawaru
Qazlal
Ru
Trog
Uskayaw
Wu Jian
Xom
Yredelemnul
Zin
Beogh

Shops:
D:5 *

Annotations:
D:4 2 transporters, Alarak's ghost, amateur MDMo


Innate Abilities, Weirdness & Mutations

You are immune to sickness and miasma.
You are immune to poison.
Your flesh is very heat resistant. (rF++)
You are vulnerable to cold. (rC-)
You float through the air rather than walking.
You learn spells naturally, not from books.
Your magical power is your life essence.
You have superior vitality. (+4 MHP)


Message History

Casting: Magic Dart (safe; 1% risk of failure)
Confirm with . or Enter, or press ? or * to list all spells.
You feel a surge of power!
You conjure some foxfire!
The shadow slips into darkness.
The shadow flickers and vanishes!
Deactivating autopickup; reactivate with Ctrl-A.
Unknown command.
Casting: Foxfire (safe; 1% risk of failure)
Confirm with . or Enter, or press ? or * to list all spells.
Okay, then.
Casting: Foxfire (safe; 1% risk of failure)
Confirm with . or Enter, or press ? or * to list all spells.
Okay, then.
Casting: Foxfire (safe; 1% risk of failure)
Confirm with . or Enter, or press ? or * to list all spells.
Okay, then.
Casting: Foxfire (safe; 1% risk of failure)
Confirm with . or Enter, or press ? or * to list all spells.
You blink.
The foxfire hits something.
Casting: Blink (safe; 1% risk of failure)
Confirm with . or Enter, or press ? or * to list all spells.
A tiny devil pulls itself out of the air.
The shadow strikes at your cerulean imp from the darkness!
Reactivating autopickup.
Unknown command.
The shadow hits your cerulean imp.
Your cerulean imp hits the shadow with a -1 spear.
The shadow closely misses your cerulean imp.
Your cerulean imp barely misses the shadow.
You feel ready to blink again.
The shadow slips into darkness.
The shadow flickers and vanishes!
Deactivating autopickup; reactivate with Ctrl-A.
The shadow strikes at your cerulean imp from the darkness!
Your cerulean imp dies!
Your cerulean imp disappears in a puff of smoke!
Things that are here:
a +1 short sword of draining; a +0 ring mail; an iguana corpse The shadow strikes at you from the darkness!
You die...

#.#.#.#.#.....#.#.....#.##
##.#.#.#.....#.#.#.....##
##'#.#.#.#....+#.#.#+#.#.#
#.....#.#.....#.#.#.#.#.##
#....#.#)#.#+#.#.#.#.#.#.#
#.....#.#.#.#.#.#.#.#.#.##
#....#.#.#.#.#.#.#.#.#.#.#
#.....#.#.#.#.#.#.#.#.#.##
#....#.#.#.#.#@#.#.#.#.#.#
#....'#.#)#.#.#.#.#.#.#.##
#....#############.######
#....# #.# #....# #.####
#....# #....# ######
####.# #.# #.#


There were no monsters in sight!

Vanquished Creatures
  Grinder (D:6)
  Prince Ribbit (D:6)
  Sigmund (D:2)
  A fire bat (D:6)
  A water moccasin (D:5)
  An orc warrior (D:6)
  2 ice beasts (D:6)
  A black bear (D:6)
  3 ogres
  A phantom (D:6)
  A bullfrog (D:6)
  3 scorpions
  A bombardier beetle (D:3)
  A howler monkey (D:5)
  2 hounds
  A jelly (D:6)
  6 orc priests
  Jessica (D:2)
  3 iguanas
  2 orc wizards
  3 adders
  3 shadow imps (D:4)
  2 ufetubi (D:6)
  2 ribbon worms
  5 dart slugs
  32 orcs
  7 ball pythons
  5 endoplasms
  2 giant cockroaches
  4 goblins
  8 hobgoblins
  5 jackals
  2 quokkas
  13 bats
  3 frilled lizards
  10 kobolds
  6 rats
146 creatures vanquished.

Vanquished Creatures (collateral kills)
  30 foxfires
30 creatures vanquished.

Vanquished Creatures (others)
  296 foxfires
296 creatures vanquished.

Grand Total: 472 creatures vanquished

Notes
Turn   | Place    | Note
-------+----------+-------------------------------------------
     0 | D:1      | shadizar the Djinni Hedge Wizard began the quest for the
                  | Orb.
     0 | D:1      | shadizar set off with the following spells memorised: Magic
                  | Dart, Slow, Blink, Call Imp, Mephitic Cloud.
     0 | D:1      | Reached XP level 1. HP: 15/15 MP: 0/0
   154 | D:1      | Reached XP level 2. HP: 15/21 MP: 0/0
   508 | D:1      | Reached XP level 3. HP: 21/25 MP: 0/0
   508 | D:1      | Learned a level 1 spell: Foxfire
   579 | D:1      | Found a faded altar of an unknown god.
  1020 | D:2      | Noticed Sigmund
  1026 | D:2      | Killed Sigmund
  1027 | D:2      | Reached skill level 5 in Spellcasting
  1027 | D:2      | Reached skill level 5 in Conjurations
  1027 | D:2      | Reached skill level 5 in Hexes
  1027 | D:2      | Reached skill level 5 in Summonings
  1027 | D:2      | Reached skill level 5 in Necromancy
  1027 | D:2      | Reached skill level 5 in Translocations
  1027 | D:2      | Reached skill level 5 in Fire Magic
  1027 | D:2      | Reached skill level 5 in Ice Magic
  1027 | D:2      | Reached skill level 5 in Air Magic
  1027 | D:2      | Reached skill level 5 in Earth Magic
  1027 | D:2      | Reached skill level 5 in Alchemy
  1027 | D:2      | Reached XP level 4. HP: 25/31 MP: 0/0
  1027 | D:2      | Reached XP level 5. HP: 28/35 MP: 0/0
  1027 | D:2      | Learned a level 2 spell: Searing Ray
  1027 | D:2      | Reached XP level 6. HP: 32/40 MP: 0/0
  1298 | D:2      | Noticed Jessica
  1302 | D:2      | Killed Jessica
  1499 | D:3      | Found an iron altar of Okawaru.
  1499 | D:3      | Found a stormy altar of Qazlal.
  1510 | D:3      | Found a snail-covered altar of Cheibriados.
  1562 | D:3      | Found a faded altar of an unknown god.
  1565 | D:3      | Found a faded altar of an unknown god.
  1954 | D:3      | Found an ornate altar of the Wu Jian Council.
  2565 | D:4      | Found a transporter.
  2579 | D:4      | Found a transporter.
  2580 | D:4      | Found a transporter.
  2610 | D:4      | Noticed Alarak's ghost (amateur MDMo)
  2701 | D:4      | Found a staircase to the Ecumenical Temple.
  2710 | Temple   | Entered the Ecumenical Temple
  2723 | Temple   | Became a worshipper of Makhleb the Destroyer
  2889 | D:4      | Found a blossoming altar of Fedhas.
  3054 | D:4      | Reached XP level 7. HP: 42/45 MP: 0/0
  3054 | D:4      | Learned a level 3 spell: Sigil of Binding
  3119 | D:4      | Found a transporter.
  3195 | D:4      | Reached * piety under Makhleb
  3861 | D:4      | Reached skill level 1 in Fighting
  3861 | D:4      | Reached skill level 1 in Armour
  3936 | D:5      | Entered Level 5 of the Dungeon
  3948 | D:5      | Noticed a water moccasin
  3957 | D:5      | Killed a water moccasin
  3958 | D:5      | Reached XP level 8. HP: 45/54 MP: 0/0
  4274 | D:5      | Found Foposh's Assorted Antiques.
  4307 | D:5      | Reached ** piety under Makhleb
  4358 | D:5      | Found a hide-covered altar of Uskayaw.
  4535 | D:5      | Found a white marble altar of Elyvilon.
  5068 | D:6      | Identified the +0 plate armour "Obbec" {Str+5 Stlth+}
  5450 | D:6      | Reached XP level 9. HP: 58/61 MP: 0/0
  5450 | D:6      | Learned a level 4 spell: Animate Dead
  5581 | D:6      | Found a roughly hewn altar of Beogh.
  5581 | D:6      | Found the +7 staff of the Meek {protect, meekguard}
  5700 | D:6      | Reached skill level 5 in Dodging
  5830 | D:6      | Noticed Prince Ribbit
  5838 | D:6      | Killed Prince Ribbit
  5863 | D:6      | Found a shimmering altar of Xom.
  5863 | D:6      | Noticed Grinder
  5943 | D:6      | Killed Grinder
  6185 | D:6      | Reached skill level 5 in Fighting
  6185 | D:6      | Reached skill level 5 in Armour
  6193 | D:6      | Found a sparkling altar of Nemelex Xobeh.
  6326 | D:7      | Found the +6 shillelagh "Devastator" {shatter}
  6427 | D:7      | Slain by a shadow

Illustrated notes

Levels and vault maps discovered:
D:1:      lemuel_arrival_funnel, layout_basic,
          shapermc_ecumenical_altar_pompeii, minmay_misc_feat_tower
D:2:      layout_basic, uniq_jessica, uniq_sigmund
D:3:      layout_basic, mainiacjoe_overflow_surrounded_room,
          chequers_temple_overflow_minitemple
D:4:      gammafunk_wand_slinger, layout_basic,
          grunt_temple_overflow_growth_and_decay,
          minmay_temple_entry_gardened_gates, gammafunk_ghost_gnarly_gnolls,
          hangedman_abyss_or_decor_lesser_grid, roderic_lattice_a
D:5:      layout_loops_ring, elyvilon_altar_1, eat_drink_and_be_merry_uskayaw,
          vehumet_crystals, serial_shops, nicolae_shop_overgrown_old_shop,
          roderic_batcave, chequers_serial_rivers_micro_d,
          corexii_item_surrounded_by_moat
D:6:      layout_rooms, regret_index_xom_of_box, nemelex_dance_club_becter,
          minmay_misc_feat_doors, pf_guarded_unrand_meek, uniq_grinder,
          uniq_prince_ribbit1
D:7:      layout_basic, minmay_microvault
Temple:   hellmonk_temple_beads

Skill      XL: |  1  2  3  4  5  6  7  8  9 |
---------------+----------------------------+-----
Spellcasting   | 5 6 7 |  7.3
Conjurations   | 5 6 7 |  7.3
Hexes          | 5 6 7 |  7.3
Summonings     | 5 6 7 |  7.3
Necromancy     | 5 6 7 |  7.3
Translocations | 5 6 7 |  7.3
Fire Magic     | 5 6 7 |  7.3
Ice Magic      | 5 6 7 |  7.3
Air Magic      | 5 6 7 |  7.3
Earth Magic    | 5 6 7 |  7.3
Alchemy        | 5 6 7 |  7.3
Fighting       | 2 3 5 |  5.1
Armour         | 2 3 5 |  5.0
Dodging        | 3 4 6 |  6.0
Stealth        | |  1.5

Action                     |  1- 3 |  4- 6 |  7- 9 || total
---------------------------+-------+-------+-------++-------
  Melee: Staff             |       |       |     2 ||     2
   Cast: Magic Dart        |    57 |    80 |   114 ||   251
         Foxfire           |     5 |     6 |   187 ||   198
         Call Imp          |       |       |     2 ||     2
         Blink             |       |       |     1 ||     1
         Searing Ray       |       |       |     1 ||     1
    Use: Scroll            |       |       |    14 ||    14
         Potion            |       |       |     3 ||     3
 Armour: Robe              |     2 |     1 |       ||     3
         Leather armour    |       |       |    80 ||    80
  Dodge: Repelled          |     1 |     2 |       ||     3
         Dodged            |     4 |     3 |    89 ||    96

Table legend: (Time is in decaauts)
 A = Elapsed time spent in this place.
 B = Non-inter-level travel time spent in this place.
 C = Inter-level travel time spent in this place.
 D = Time resting spent in this place.
 E = Time spent auto-exploring this place.
 F = Levels seen in this place.
 G = Mean time per level.
                   A        B        C        D        E       F      G
               +--------+--------+--------+--------+--------+-----+--------+
         Total |   6406 |   6251 |    155 |      0 |   4898 |   8 |  800.8 |
       Dungeon |   6377 |   6222 |    155 |      0 |   4898 |   7 |  911.0 |
        Temple |     28 |     28 |      0 |      0 |      0 |   1 |   28.0 |
               +--------+--------+--------+--------+--------+-----+--------+

Top non-repeatable levels by time:
     D:4: 1418 daAuts
     D:6: 1207 daAuts
     D:5: 1099 daAuts
     D:3: 1079 daAuts
     D:1: 897 daAuts
     D:2: 511 daAuts
     D:7: 163 daAuts
  Temple: 28 daAuts
